 Dungeon Crawl Stone Soup version 0.24.0-1-gfbc8707 (webtiles) character file.

Game seed: 13945136290921569384, levelgen mode: deterministic

475 Illumine the Chopper (level 6, -4/51 HPs)
             Began as a Minotaur Fighter on Oct 27, 2019.
             Was a Follower of Makhleb.
             Slain by an ogre
             ... wielding a +0 giant club
              (17 damage)
             ... on level 4 of the Dungeon.
             The game lasted 00:03:16 (2747 turns).

Illumine the Chopper (Minotaur Fighter)             Turns: 2747, Time: 00:03:17

Health: -4/51      AC:  6    Str: 27    XL:     6   Next: 84%
Magic:  7/7        EV:  8    Int:  5    God:    Makhleb [*.....]
Gold:   116        SH: 10    Dex: 10    Spells: 5/5 levels left

rFire    . . .     SeeInvis .   a - +0 war axe
rCold    . . .     Gourm    .   c - +0 shield
rNeg     . . .     Faith    .   b - +0 scale mail
rPois    .         Spirit   .   (helmet restricted)
rElec    .         Reflect  .   (no cloak)
rCorr    .         Harm     .   (no gloves)
MR       .....                  (no boots)
Stlth    ..........             (no amulet)
HPRegen  0.17/turn              (no ring)
MPRegen  0.10/turn              (no ring)

@: mighty
A: retaliatory headbutt, horns 2
a: Renounce Religion


You were on level 4 of the Dungeon.
You worshipped Makhleb.
Makhleb was aware of your devotion.
You were not hungry.

You visited 1 branch of the dungeon, and saw 4 of its levels.

You collected 116 gold pieces.

Inventory:

Hand Weapons
 a - a +0 war axe (weapon)
Armour
 b - a +0 scale mail (worn)
 c - a +0 shield (worn)
Scrolls
 g - 2 scrolls of remove curse {unknown}
 i - 2 scrolls of identify {unknown}
 m - 2 scrolls of blinking {unknown}
 n - a scroll of enchant armour {unknown}
 p - a scroll of fog {unknown}
 q - a scroll of amnesia {unknown}
 s - 3 scrolls of teleportation {unknown}
Potions
 e - a potion of heal wounds {unknown}
 j - a potion of resistance {unknown}
 k - a potion of lignification {unknown}
 l - a potion of flight {unknown}
 o - a potion of agility {unknown}
Comestibles
 f - 10 rations


   Skills:
 - Level 3.6 Fighting
 * Level 6.8 Axes
 - Level 3.6 Armour
 + Level 5.7 Shields
 + Level 2.8 Invocations


You had 5 spell levels left.
You didn't know any spells.
Your spell library was empty.

Dungeon Overview and Level Annotations

Branches:
Dungeon (3/15)

Altars:
Dithmenos
Gozag
Makhleb
Ru

Annotations:
D:4 Dowan, Duvessa


Innate Abilities, Weirdness & Mutations

You reflexively headbutt those who attack you in melee.
You have a pair of horns on your head.


Message History

* * * LOW HITPOINT WARNING * * *
The ogre hits you with a +0 giant club.
* * * LOW HITPOINT WARNING * * *
Okay, then.
You feel better. You block Duvessa's attack. You block the ogre's attack.
You see here an orc corpse.
You feel mightier all of a sudden. Duvessa hits you with a +0 short sword.
* * * LOW HITPOINT WARNING * * *
You slash Duvessa! Your headbutt misses Duvessa.
Duvessa is moderately wounded.
You slash the ogre! You block the ogre's attack.
Duvessa hits you with a +0 short sword.
* * * LOW HITPOINT WARNING * * *
You slash Duvessa!
Duvessa is severely wounded.
You hit the ogre. You slash Dowan! You block Dowan's attack.
The ogre hits you with a +0 giant club!
You die...

....# .#
....###.#
.>.....+
##......#
#.......#
##.#.....#####
#...#)........
#...)e........
##..@e........
#.....O.......(
##..##.........
##) .........#
# ..........#
#..#.......
..##.......
.....


You could see Duvessa, an ogre and Dowan.

Vanquished Creatures
  Grinder (D:3)
  An orc priest (D:4)
  A jelly (D:3)
  Jessica (D:3)
  An iguana (D:3)
  6 adders
  An ooze (D:3)
  3 worms
  2 dart slugs
  5 leopard geckos
  8 orcs
  A ball python (D:2)
  7 bats
  4 giant cockroaches
  10 goblins
  7 hobgoblins
  A quokka (D:3)
  A frilled lizard (D:3)
  13 kobolds
  4 rats
78 creatures vanquished.

Notes
Turn   | Place    | Note
-------+----------+-------------------------------------------
     0 | D:1      | Illumine the Minotaur Fighter began the quest for the Orb.
     0 | D:1      | Reached XP level 1. HP: 19/19 MP: 0/0
   317 | D:1      | Reached skill level 3 in Axes
   335 | D:1      | Reached XP level 2. HP: 24/26 MP: 1/1
   792 | D:2      | Reached XP level 3. HP: 31/31 MP: 2/2
   872 | D:2      | Reached skill level 4 in Axes
   925 | D:2      | Found an opulent altar of Gozag.
   931 | D:2      | Found a burning altar of Makhleb.
   931 | D:2      | Found a shadowy altar of Dithmenos.
   940 | D:2      | Became a worshipper of Makhleb the Destroyer
  1241 | D:2      | Found a sacrificial altar of Ru.
  1347 | D:2      | Reached XP level 4. HP: 39/39 MP: 3/3
  1442 | D:2      | Reached skill level 1 in Invocations
  1613 | D:3      | Noticed Jessica
  1737 | D:3      | Reached skill level 5 in Axes
  1737 | D:3      | Reached XP level 5. HP: 33/45 MP: 3/5
  1747 | D:3      | Noticed Grinder
  1750 | D:3      | Paralysed by Grinder for 4 turns
  1759 | D:3      | Killed Grinder
  1759 | D:3      | Reached skill level 6 in Axes
  1759 | D:3      | Reached skill level 5 in Shields
  1759 | D:3      | Reached XP level 6. HP: 13/51 MP: 6/6
  1988 | D:3      | Killed Jessica
  2236 | D:3      | Reached * piety under Makhleb
  2735 | D:3      | You fall into a shaft and drop 1 floor!
  2736 | D:4      | Noticed Dowan
  2737 | D:4      | Noticed Duvessa
  2747 | D:4      | Slain by an ogre

Levels and vault maps discovered:
D:1:      matt_arrival_los_fun, layout_basic
D:2:      layout_loops_corners, nicolae_ru_awakened_eye, minitemple
D:3:      layout_basic, serial_curves, eino_curves_03, eino_curves_03,
          eino_curves_02, eino_curves_02, first_ration, st_stairs_1,
          uniq_jessica, uniq_grinder
D:4:      minmay_spotlight, layout_cave_pools, ashenzari_conservatory_becter,
          lemuel_doored_altar, uniq_pikel, uniq_eustachio, uniq_duvessa

Skill      XL: |  1  2  3  4  5 |
---------------+----------------+-----
Axes           | 3 4 5 6 |  6.8
Shields        | 4 5 |  5.7
Invocations    | 1 2 |  2.8
Fighting       | |  3.6
Armour         | |  3.6

Action                   |  1- 3 |  4- 6 || total
-------------------------+-------+-------++-------
Melee: War axe           |    94 |    89 ||   183
       Headbutt          |    16 |     9 ||    25
  Use: Potion            |       |     4 ||     4
  Eat: Chunk             |     1 |     5 ||     6
Armor: Scale mail        |    45 |    27 ||    72
Dodge: Dodged            |    37 |    26 ||    63
Block: Shield            |    54 |    55 ||   109
